 Dungeon Crawl Stone Soup version 0.29.1-12-g30fa7ad0bf (webtiles) character file.

Game seed: 11428171843976182677

72893 LustLizard the Marksspriggan (level 15, -3/73 HPs)
             Began as a Spriggan Hunter on Dec 25, 2022.
             Was the Champion of Dithmenos.
             Slain by a balrug
             ... wielding a +1 demon whip of venom
              (7 damage)
             ... in a Gauntlet.
             The game lasted 01:11:27 (34162 turns).

LustLizard the Marksspriggan (Spriggan Hunter)     Turns: 34162, Time: 01:11:28

Health: -3/73      AC:  9    Str:  7    XL:     15   Next: 2%
Magic:  0/22       EV: 31    Int: 13    God:    Dithmenos [******]
Gold:   1314       SH:  8    Dex: 24    Spells: 14/14 levels left

rFire   + + .      SeeInvis +   a - +1 shortbow (flame)
rCold   . . .      Faith    .   (shield currently unavailable)
rNeg    . . .      Spirit   +   O - +0 acid dragon scales
rPois   .          Reflect  .   o - +1 hat
rElec   .          Harm     .   f - +1 cloak
rCorr   +          Rampage  .   (gloves unavailable)
Will    ++...      NoTele   +   (boots unavailable)
Stlth   ++++++++..              z - brooch of Shielding {Spirit SH+8}
HPRegen 0.22/turn               K - ring of protection from fire
MPRegen 0.18/turn               C - ring of protection from fire

@: lethally poisoned (-3 -> -19), wreathed by umbra, very quick
A: very small, no large weapons, unfitting armour, see invisible, speed 3
a: Renounce Religion, Shadow Step, Shadow Form


You were in a Gauntlet.
You worshipped Dithmenos.
Dithmenos was exalted by your worship.
You visited 3 branches of the dungeon, and saw 19 of its levels.
You also visited: Gauntlet and Ice Cave.

You collected 1314 gold pieces.

Inventory:

Hand Weapons
 a - a +1 shortbow of flaming (weapon)
Missiles
 R - a throwing net
Armour
 f - a +1 cloak (worn)
 o - a +1 hat (worn)
 w - the +1 robe "Tionuoq" {rF+ Int-4 Stlth+}
   (You found it on level 4 of the Dungeon)

   Int:       It affects your intelligence (-4).
   rF:        It protects you from fire.
   Stlth:     It makes you more stealthy.
 x - a +1 robe of cold resistance
 E - a +2 robe of willpower
 O - +0 acid dragon scales (worn)
Jewellery
 k - an amulet of magic regeneration
 y - a ring of flight
 z - the brooch of Shielding (around neck) {Spirit SH+8}
   (You found it on level 5 of the Lair of Beasts)

   [amulet of guardian spirit]

   It causes incoming damage to be divided between your reserves of health and
   magic.
   SH:        It affects your SH (+8).
 C - a ring of protection from fire (right hand)
 I - a ring of positive energy
 K - a ring of protection from fire (left hand)
 L - a +4 ring of evasion
 V - an amulet of the acrobat
 W - a +4 ring of evasion
 Z - the amulet "Jyahioj" {Faith Int+3}
   (You found it in a Gauntlet)

   [amulet of faith]

   It allows you to gain divine favour quickly.
   Int:       It affects your intelligence (+3).
Wands
 c - a wand of digging (5)
 j - a wand of polymorph (7)
 p - a wand of roots (17)
 F - a wand of mindburst (15)
 J - a wand of paralysis (7)
 M - a wand of acid (16)
 Q - a wand of flame (8)
Scrolls
 b - 3 scrolls of immolation
 e - 3 scrolls of magic mapping
 h - 3 scrolls of fear
 i - 2 scrolls of teleportation
 q - 2 scrolls of summoning
 r - 2 scrolls of brand weapon
 s - 4 scrolls of blinking
 t - 4 scrolls of fog
 v - 5 scrolls of enchant weapon
 B - 4 scrolls of amnesia
 D - 2 scrolls of silence
 N - 2 scrolls of poison
 U - 3 scrolls of identify
Potions
 d - 2 potions of magic
 g - 3 potions of mutation
 l - a potion of resistance
 m - 2 potions of curing
 n - a potion of might
 u - 7 potions of ambrosia
 G - 4 potions of lignification
 H - a potion of brilliance
 P - a potion of flight
 S - a potion of haste {unknown}
 X - 2 potions of invisibility
Miscellaneous
 A - a box of beasts
 T - a lightning rod (4/4)
 Y - a tin of tremorstones (2/2)


   Skills:
 + Level 6.1 Fighting
 - Level 20.0 Ranged Weapons
 + Level 16.2 Dodging
 - Level 9.0 Stealth
 - Level 8.0 Invocations
 + Level 7.4 Evocations


You had 14 spell levels left.
You didn't know any spells.
Your spell library contained the following spells:

 Spells                   Type           Power      Damage    Failure   Level
 Apportation              Tloc           0%         N/A       52%         1
 Freeze                   Ice            0%         1d3       52%         1
 Necrotise                Necr           0%         1d4       52%         1
 Sting                    Tmut/Pois      0%         1d3       52%         1
 Summon Small Mammal      Summ           0%         N/A       52%         1
 Poisonous Vapours        Pois/Air       0%         N/A       65%         2
 Static Discharge         Conj/Air       0%         3-3/arc   65%         2
 Sublimation of Blood     Necr           0%         N/A       65%         2
 Call Canine Familiar     Summ           0%         N/A       87%         3
 Conjure Flame            Conj/Fire      0%         6-21      87%         3
 Frozen Ramparts          Ice            0%         1d1       87%         3
 Ignite Poison            Fire/Tmut/Pois 0%         N/A       87%         3
 Portal Projectile        Hex/Tloc       0%         N/A       87%         3
 Dispel Undead            Necr           0%         3d6       99%         4
 Hailstorm                Conj/Ice       0%         3d3       99%         4
 Leda's Liquefaction      Hex/Erth       0%         N/A       99%         4
 Olgreb's Toxic Radiance  Pois           0%         N/A       99%         4
 Petrify                  Tmut/Erth      0%         N/A       99%         4
 Sticky Flame             Conj/Fire      0%         2d3       99%         4
 Irradiate                Conj/Tmut      0%         3d11      100%        5
 Metabolic Englaciation   Hex/Ice        0%         N/A       100%        5
 Iron Shot                Conj/Erth      0%         9d1       100%        6
 Lehudib's Crystal Spear  Conj/Erth      0%         10d2      100%        8
 Polar Vortex             Ice            0%         N/A       100%        9


Dungeon Overview and Level Annotations

Branches:
Dungeon (13/15)            Temple (1/1) D:4            Lair (5/5) D:10
  Swamp (0/4) Lair:2        Snake (0/4) Lair:3        Slime (0/5) Lair:5
    Orc (0/2) D:11          IceCv (visited)         Gauntlet (1/1)
 Vaults: D:13-14

Altars:
Ashenzari
Cheibriados
Dithmenos
Elyvilon
Fedhas
Gozag
Hepliaklqana
Kikubaaqudgha
Makhleb
Nemelex Xobeh
Okawaru
Qazlal
Ru
Sif Muna
Trog
Uskayaw
Vehumet
Wu Jian
Xom
Yredelemnul
Zin
The Shining One
Lugonu

Shops:
D:4 :   D:5 [   D:12 :

Portals:
Abyss: Lair:5

Annotations:
D:8 3 transporters, Gastronok Gauntlet 9 transporters


Innate Abilities, Weirdness & Mutations

You are very small and have problems with some larger weapons.
You are too small for most types of armour.
You have supernaturally acute eyesight. (SInv)
You cover ground extremely quickly. (Speed+++)


Message History

You shoot an arrow. The arrow hits the balrug.
The balrug is lightly wounded.
Your shadow shoots an arrow.
The arrow hits the balrug.
You shoot an arrow. The arrow hits the balrug.
The balrug is lightly wounded.
Your shadow shoots an arrow.
The arrow hits the balrug.
You shoot an arrow. The arrow hits the balrug!
The balrug is moderately wounded.
The balrug closely misses you.
You shoot an arrow. The arrow barely misses the balrug.
The balrug gestures at you. The sticky flame misses you.
You shoot an arrow. The arrow barely misses the balrug.
Your shadow shoots an arrow.
The arrow hits the balrug.
The balrug hits you with a +1 demon whip of venom!!
You are engulfed in flames!
You resist.
You shoot an arrow. The arrow hits the balrug!
The balrug is heavily wounded.
The balrug gestures at you. The sticky flame misses you.
You shoot an arrow.
The arrow hits the balrug but does no damage.
The balrug is moderately wounded.
The balrug closely misses you.
You shoot an arrow. The arrow hits the balrug.
The balrug is heavily wounded.
Your shadow shoots an arrow.
The arrow hits the balrug.
The balrug hits you with a +1 demon whip of venom!
You are engulfed in flames!
You resist.
You are poisoned.
You are too injured to fight recklessly!
Unknown command.
As you read the scroll of summoning, it crumbles to dust.
Wisps of shadow whirl around you...
* * * LOW HITPOINT WARNING * * *
You feel very sick.
The balrug hits you with a +1 demon whip of venom!!
* * * LOW HITPOINT WARNING * * *
You are engulfed in flames!
You resist.
You die...

####.#########.##########
...#.#..§∩§..#.#.......≈#
...#©#.......#©#........###
########...###########..#8#
.......#...#.........#..###
.###...#...#.........#....#
..#...:#...#....45...#....###
..#..#.#...#=........###..#8#
#####.©#...#©...@2...#©#..###
.©# #[#...#)........#.#..#
..# ..#?..uu....#.#..### .###
..#...u.....#.#..#8# w...
..#.........#.#..####### ###
..###########.#........# ..
≈..§........#.#........# ##
8§.§..#######.#######... ..
.....#©...........©#...


You could see a balrug (ally target), 3 friendly ugly things, a friendly chaos
spawn (summoned) and a friendly iron imp (summoned).

Vanquished Creatures
  Snorg (D:12)
  Fannar (D:11)
  3 boulder beetles
  4 hydras
  Harold (Lair:2)
  An ogre mage (D:10)
  An ice dragon (Lair:4)
  Erica (D:10)
  16 death yaks
  A two-headed ogre (D:10)
  A death scarab (Gauntlet)
  3 thrashing horrors (Lair:5)
  Nergalle (Lair:3)
  Sonja (Lair:2)
  The ghost of soggyman666 the Cleaver, a novice GrFi of Ashenzari (D:8)
  Amaemon (Lair:2)
  A bog body (Lair:2)
  An orc knight (D:13)
  4 ugly things
  3 cyclopes
  A manticore (D:12)
  The ghost of LustLizard the Ruffian, a novice TrFi (D:4)
  10 elephants
  5 black mambas
  A smoke demon (Lair:5)
  An orange demon (Lair:2)
  A gargoyle (D:13)
  7 cane toads
  A kobold demonologist (D:9)
  2 rime drakes
  An unseen horror (D:12)
  An efreet (D:10)
  13 komodo dragons
  2 ancient zymes
  A queen bee (D:11)
  3 polar bears (Lair:4)
  3 trolls
  23 blink frogs
  Grinder (D:4)
  14 slime creatures
  A large abomination (Lair:5)
  A spectral black mamba (Gauntlet)
  2 vampires
  A shadow (D:12)
  5 ynoxinuls
  2 spriggans (Lair:5)
  4 wraiths
  8 wyverns
  56 yaks
  15 basilisks
  An unseen horror simulacrum (D:10)
  A chaos spawn (Lair:5)
  A steam dragon (Lair:2)
  3 vampire mosquitoes (D:12)
  2 nagas (Lair:3)
  An acid dragon (D:10)
  12 water moccasins
  8 orc warriors
  2 sky beasts (D:7)
  A black bear (shapeshifter) (Lair:5)
  11 small abominations (Lair:5)
  2 great orb of eyes simulacra (IceCv)
  6 ogres
  5 centaurs
  12 wolves
  2 kobold brigands (D:10)
  A slime creature simulacrum (IceCv)
  7 bullfrogs
  Blork the orc (D:5)
  2 necrophages
  A glowing shapeshifter simulacrum (IceCv)
  6 scorpions
  3 wights (D:9)
  51 killer bees
  6 howler monkeys
  8 orc priests
  2 hounds
  Ijyb (D:4)
  Natasha (thrice) (D:2)
  3 iguanas
  11 orc wizards
  A shapeshifter simulacrum (IceCv)
  9 adders
  2 white imps
  A worm (D:3)
  2 dart slugs
  62 orcs
  7 bats
  9 endoplasms
  A giant cockroach (D:1)
  5 goblins
  10 hobgoblins
  6 jackals
  10 kobolds
  6 quokkas
  4 ball pythons
  3 frilled lizards
  2 rats
  A butterfly (Lair:1)
551 creatures vanquished.

Vanquished Creatures (others)
  A polar bear (Lair:4)
  5 dream sheep (D:4)
  A slime creature simulacrum (IceCv)
  A bush (D:10)
  62 fungi
  55 plants
125 creatures vanquished.

Grand Total: 676 creatures vanquished

Notes
Turn   | Place    | Note
-------+----------+-------------------------------------------
     0 | D:1      | LustLizard the Spriggan Hunter began the quest for the Orb.
     0 | D:1      | Reached XP level 1. HP: 10/10 MP: 2/2
   161 | D:1      | Reached XP level 2. HP: 14/14 MP: 3/3
   676 | D:2      | Reached skill level 5 in Ranged Weapons
   680 | D:2      | Reached XP level 3. HP: 17/18 MP: 4/4
   866 | D:2      | Found a glowing golden altar of the Shining One.
  1188 | D:2      | Reached XP level 4. HP: 15/22 MP: 5/5
  1300 | D:2      | Noticed Natasha
  1307 | D:2      | Killed Natasha
  1308 | D:2      | Reached skill level 6 in Ranged Weapons
  1324 | D:2      | Noticed Natasha
  1331 | D:2      | Killed Natasha
  1670 | D:2      | Noticed Natasha
  1675 | D:2      | Killed Natasha
  1676 | D:2      | Reached XP level 5. HP: 18/25 MP: 6/6
  1927 | D:3      | Found a burning altar of Makhleb.
  2082 | D:3      | Found a radiant altar of Vehumet.
  2127 | D:3      | Found a shadowy altar of Dithmenos.
  2530 | D:3      | Found a faded altar of an unknown god.
  2563 | D:3      | Reached skill level 7 in Ranged Weapons
  2792 | D:4      | Found Hugger's Book Shoppe.
  2798 | D:4      | Identified the +1 robe "Tionuoq" {rF+ Int-4 Stlth+}
  2858 | D:4      | Reached XP level 6. HP: 11/30 MP: 7/7
  3064 | D:4      | Found a transporter.
  3064 | D:4      | Noticed LustLizard's ghost (novice TrFi)
  3226 | D:4      | Noticed a dream sheep
  3226 | D:4      | Noticed a dream sheep
  3226 | D:4      | Noticed a dream sheep
  3226 | D:4      | Noticed a dream sheep
  3226 | D:4      | Noticed a dream sheep
  3226 | D:4      | Found a shimmering altar of Xom.
  3229 | D:4      | Killed a dream sheep
  3229 | D:4      | Killed a dream sheep
  3229 | D:4      | Killed a dream sheep
  3229 | D:4      | Killed a dream sheep
  3230 | D:4      | Killed a dream sheep
  3546 | D:4      | Identified the +6 scale mail "Idyaruat" {rCorr Dex-2 SInv
                  | Stlth-}
  3554 | D:4      | Noticed Ijyb
  3558 | D:4      | Reached skill level 8 in Ranged Weapons
  3570 | D:4      | Killed Ijyb
  3895 | D:4      | Noticed Grinder
  3962 | D:4      | Paralysed by Grinder for 2 turns
  3965 | D:4      | Killed Grinder
  3966 | D:4      | Reached XP level 7. HP: 16/33 MP: 8/8
  4135 | D:4      | Found a staircase to the Ecumenical Temple.
  4181 | Temple   | Entered the Ecumenical Temple
  4475 | D:4      | Reached skill level 9 in Ranged Weapons
  4842 | D:4      | Reached skill level 10 in Ranged Weapons
  5115 | D:5      | Entered Level 5 of the Dungeon
  5269 | D:5      | Reached XP level 8. HP: 37/37 MP: 9/9
  5275 | D:5      | Found Anelav's Antique Armour Shop.
  5388 | D:3      | Became a worshipper of Dithmenos the Shadowed
  5475 | D:5      | Noticed Blork the orc
  5488 | D:5      | Killed Blork the orc
  6973 | D:6      | Noticed a +0 dagger
  6974 | D:6      | Found a hide-covered altar of Uskayaw.
  6974 | D:6      | Noticed a +0 dagger
  7006 | D:6      | Reached skill level 11 in Ranged Weapons
  7885 | D:6      | Found a bloodstained altar of Trog.
  8242 | D:7      | Reached XP level 9. HP: 45/45 MP: 10/10
  8882 | D:7      | Reached skill level 12 in Ranged Weapons
  9426 | D:8      | Identified the +7 quarterstaff of the Sneaky Demons
                  | {vorpal, Int+3 Dex+5}
  9431 | D:8      | Found a transporter.
  9437 | D:8      | Found a transporter.
  9438 | D:8      | Found a transporter.
  9472 | D:8      | Noticed soggyman666's ghost (novice GrFi)
  9487 | D:8      | Noticed Gastronok
  9500 | D:8      | Found a runed translucent door.
  9837 | D:8      | Found a hazy altar of Hepliaklqana.
 10266 | D:8      | Found a transporter.
 10787 | D:4      | Found a transporter.
 10901 | D:4      | Killed LustLizard's ghost
 10901 | D:4      | Reached * piety under Dithmenos
 11089 | D:8      | Found a stormy altar of Qazlal.
 11109 | D:8      | Reached skill level 13 in Ranged Weapons
 11117 | D:8      | Reached skill level 5 in Fighting
 11418 | D:8      | Found an iron altar of Okawaru.
 11418 | D:8      | Found a basalt altar of Yredelemnul.
 11479 | D:8      | Found a sacrificial altar of Ru.
 11784 | D:8      | Found an ornate altar of the Wu Jian Council.
 12187 | D:9      | Noticed a troll
 12216 | D:9      | Killed a troll
 12217 | D:9      | Reached skill level 1 in Invocations
 12229 | D:9      | Noticed a troll
 12308 | D:9      | Killed a troll
 12391 | D:9      | Reached XP level 10. HP: 51/51 MP: 12/12
 13526 | D:9      | Found an opulent altar of Gozag.
 13743 | D:10     | Entered Level 10 of the Dungeon
 14126 | D:10     | Reached ** piety under Dithmenos
 14744 | D:10     | Found a staircase to the Lair.
 14971 | D:10     | Noticed an ogre mage
 14971 | D:10     | Noticed a six-headed hydra
 14971 | D:10     | Noticed a skeletal warrior
 14971 | D:10     | Noticed a centaur warrior
 14971 | D:10     | Noticed a red ugly thing
 14990 | D:10     | Noticed a boulder beetle
 14994 | D:10     | Noticed a two-headed ogre
 15000 | D:10     | HP: 2/53 [two-headed ogre/+0 giant spiked club (19)]
 15470 | D:10     | Killed an ogre mage
 15471 | D:10     | Reached skill level 14 in Ranged Weapons
 15471 | D:10     | Reached skill level 5 in Invocations
 15782 | D:10     | Killed a six-headed hydra
 15783 | D:10     | Reached skill level 5 in Dodging
 15797 | D:10     | Found a white marble altar of Elyvilon.
 15894 | D:10     | Reached XP level 11. HP: 50/56 MP: 16/16
 16094 | D:10     | Noticed a purple ugly thing
 16513 | D:9      | Killed a purple ugly thing
 16726 | D:10     | Killed a two-headed ogre
 16822 | D:10     | Killed a boulder beetle
 17051 | Lair:1   | Entered Level 1 of the Lair of Beasts
 17212 | Lair:1   | Reached skill level 15 in Ranged Weapons
 17762 | D:9      | Killed a purple ugly thing
 18016 | D:11     | Noticed Erica
 18022 | D:11     | Noticed a seven-headed hydra
 18469 | D:10     | HP: 2/56 [unseen horror simulacrum (8)]
 19872 | Lair:2   | Noticed Sonja
 20101 | Lair:2   | Reached XP level 12. HP: 57/61 MP: 19/19
 20186 | Lair:2   | Killed Sonja
 20502 | Lair:2   | Reached skill level 16 in Ranged Weapons
 20530 | Lair:2   | Noticed Harold
 20538 | Lair:2   | Killed Harold
 20538 | Lair:2   | Reached *** piety under Dithmenos
 20589 | Lair:2   | Noticed a death yak
 20590 | Lair:2   | Noticed a death yak
 20593 | Lair:2   | Noticed a death yak
 20596 | Lair:2   | Noticed a death yak
 20596 | Lair:2   | Noticed a death yak
 20618 | Lair:2   | Killed a death yak
 20626 | Lair:2   | Noticed a death yak
 20636 | Lair:2   | Killed a death yak
 20653 | Lair:2   | Killed a death yak
 20817 | Lair:2   | Killed a death yak
 20856 | Lair:2   | Killed a death yak
 21181 | Lair:2   | Reached skill level 10 in Dodging
 21301 | Lair:2   | Noticed Amaemon
 21353 | Lair:2   | Killed Amaemon
 21606 | Lair:2   | Found a staircase to the Swamp.
 21617 | Lair:2   | Reached skill level 17 in Ranged Weapons
 21739 | Lair:2   | Killed a death yak
 21907 | Lair:2   | Identified the +9 quarterstaff "Eniad" {flame, Int+2}
 22086 | Lair:3   | Identified the +1 ring mail "Muaroos" {rC+ rN+++ Str+7
                  | Dex-3}
 22328 | Lair:3   | Found a staircase to the Snake Pit.
 22453 | Lair:3   | Noticed Nergalle
 22484 | Lair:3   | Killed Nergalle
 23045 | Lair:3   | Reached XP level 13. HP: 65/65 MP: 20/20
 23620 | Lair:4   | Found a frozen archway.
 23827 | Lair:4   | Reached skill level 18 in Ranged Weapons
 24170 | IceCv    | Entered an ice cave
 24180 | IceCv    | Reached **** piety under Dithmenos
 24399 | IceCv    | Noticed a quicksilver ooze
 25212 | Lair:5   | Entered Level 5 of the Lair of Beasts
 26404 | Lair:5   | Reached skill level 19 in Ranged Weapons
 27913 | Lair:5   | Reached XP level 14. HP: 54/70 MP: 21/21
 27917 | Lair:5   | Reached ***** piety under Dithmenos
 28600 | Lair:4   | Reached skill level 20 in Ranged Weapons
 29102 | Lair:5   | Found the brooch of Shielding {Spirit SH+8}
 29107 | Lair:5   | Found a staircase to the Slime Pits.
 29149 | Lair:5   | Reached skill level 1 in Evocations
 29680 | Lair:5   | Reached skill level 15 in Dodging
 30168 | Lair:5   | Got Lujy Cyu's Incunabulum of Frostbite
 30234 | Lair:5   | Reached skill level 5 in Stealth
 30373 | Lair:5   | Found a corrupted altar of Lugonu.
 30373 | Lair:5   | Found a one-way gate to the infinite horrors of the Abyss.
 30871 | D:8      | Killed soggyman666's ghost
 31041 | D:8      | Got the Omnibus of Terrain
 31170 | D:9      | Reached skill level 5 in Evocations
 31322 | D:10     | Reached ****** piety under Dithmenos
 31327 | D:10     | Killed Erica
 31585 | D:11     | Found a staircase to the Orcish Mines.
 31625 | D:11     | Noticed Fannar
 31661 | D:11     | Killed Fannar
 32496 | D:12     | Found Dixuit's Book Shop.
 33357 | D:12     | Noticed Snorg
 33370 | D:12     | Killed Snorg
 33454 | D:13     | Found a gate leading to a gauntlet.
 33654 | D:13     | Reached XP level 15. HP: 10/73 MP: 5/22
 33685 | Gauntlet | Entered a Gauntlet
 33685 | Gauntlet | Found a transporter.
 33685 | Gauntlet | Found a transporter.
 33759 | Gauntlet | Found a transporter.
 33767 | Gauntlet | Found a transporter.
 33813 | Gauntlet | Found a transporter.
 33831 | Gauntlet | Found a transporter.
 33844 | Gauntlet | Found a transporter.
 33860 | Gauntlet | Found a transporter.
 33935 | Gauntlet | Found a transporter.
 33949 | Gauntlet | Found a transporter.
 33969 | Gauntlet | Found a transporter.
 33977 | Gauntlet | Found a transporter.
 33994 | Gauntlet | Found a transporter.
 34121 | Gauntlet | Identified the amulet "Jyahioj" {Faith Int+3}
 34129 | Gauntlet | Found a transporter.
 34162 | Gauntlet | Slain by a balrug

Illustrated notes

Levels and vault maps discovered:
D:1:      amcnicky_arrival_choice, layout_loops_cross, solitary_fountain
D:2:      layout_basic, basic_altar, uniq_natasha
D:3:      layout_basic, mainiacjoe_overflow_boulevard,
          mainiacjoe_overflow_alcove_2, nicolae_vehumet_altar_sigil,
          shapermc_ecumenical_altar_acropolis
D:4:      old_forge, layout_loops_corners, kb_xom_exploding_sheep,
          temple_hall_moat, gammafunk_ghost_smash, serial_shops, shop,
          uniq_ijyb, uniq_grinder
D:5:      layout_layer_cave, serial_shops,
          nicolae_shop_temple_entry_statues_fountains, nicolae_titane,
          uniq_blork_the_orc
D:6:      layout_basic, mainiacjoe_overflow_six_doors_small,
          dancing_weapons_uskayaw, sigmund_army
D:7:      layout_basic
D:8:      layout_cave_pods, nicolae_ru_awakened_eye, nzn_wu_jian_council_hall,
          mainiacjoe_overflow_24_doors, mainiacjoe_overflow_alcove_4,
          amethyst_overflow_temple_binary, hellmonk_ghost_big_iron,
          nicolae_transporter_circle, uniq_gastronok
D:9:      layout_gridville, lemuel_tele_altar
D:10:     layout_stronghold, nicolae_overflow_hidden_temple,
          minmay_lair_entry_grove, minivault_28
D:11:     layout_small_grid, david_orc_2, special_room [special_room_bee],
          uniq_erica, uniq_fannar
D:12:     layout_long_grid, serial_shops, nicolae_shop_stone, uniq_snorg
D:13:     layout_roguey [special_room_orc], trove_entry_hex_spiral,
          gauntlet_entry_generic
Temple:   hellmonk_temple_forest_ring
Lair:1:   layout_cave_pods, lemuel_fruit_fields, grunt_megastairs_4,
          infiniplex_staircase_pool_2
Lair:2:   layout_cave_shapes, skrybe_swamp_entry_bodies, grunt_megastairs_3,
          uniq_sonja, uniq_harold, uniq_amaemon
Lair:3:   layout_cave_pods, guppyfry_snake_entry_garden, uniq_nergalle
Lair:4:   layout_misc_corridors, portal_ice_cave_entry_animals_and_master,
          serial_bayou_lagoon_a, infiniplex_staircase_pool
Lair:5:   hellmonk_lair_end_abyssal_woods, layout_regular_city, slime_entry_1,
          chequers_serial_rivers_small_3
Gauntlet: gammafunk_gauntlet_branching [nicolae_gauntlet_swirl,
          nicolae_gauntlet_arena_flowing_pool, nicolae_gauntlet_arena_grate_2,
          nicolae_gauntlet_arena_blocks, nicolae_gauntlet_arena_x,
          gammafunk_gauntlet_arena_mazey, nicolae_gauntlet_arena_t_cross,
          gammafunk_gauntlet_arena_open, gauntlet_exit_watery]

Skill      XL: |  1  2  3  4  5  6  7  8  9 10 11 12 13 14 15 |
---------------+----------------------------------------------+-----
Ranged Weapons | 5 6 7 8 10 11 13 14 15 17 19 20 | 20.0
Fighting       | 3 5 6 |  6.1
Invocations    | 2 5 8 |  8.0
Dodging        | 5 8 11 13 16 | 16.2
Stealth        | 8 9 |  9.0
Evocations     | 7 |  7.4

Action                   |  1- 3 |  4- 6 |  7- 9 | 10-12 | 13-15 || total
-------------------------+-------+-------+-------+-------+-------++-------
 Fire: Shortbow          |    56 |   141 |   527 |  1175 |  1834 ||  3733
  Use: Scroll            |       |     3 |    12 |    16 |     7 ||    38
       Potion            |       |       |     5 |     2 |     2 ||     9
Armor: Robe              |     2 |     1 |    49 |    13 |       ||    65
       Acid dragon scale |       |       |       |    36 |    49 ||    85
Dodge: Dodged            |    15 |    36 |   273 |   575 |  1086 ||  1985
Block: Other             |       |       |       |       |   158 ||   158
